 Dungeon Crawl Stone Soup version 0.31.0-1-g2c135a0 (webtiles) character file.

Game seed: 16196774775532683688

11 Kel the Trooper (level 2, 0/20 HPs)
             Began as a Gargoyle Berserker on Feb 9, 2024.
             Was a Follower of Trog.
             Slain by a frilled lizard (1 damage)
             ... on level 1 of the Dungeon.
             The game lasted 00:00:58 (194 turns).

Kel the Trooper (Gargoyle Berserker)                 Turns: 194, Time: 00:00:58

Health: 0/20       AC:  4    Str: 20    XL:     2   Next: 25%
Magic:  2/2        EV: 11    Int:  7    God:    Trog [*.....]
Gold:   0          SH:  0    Dex:  9    Spells: 1/1 levels left

rFire   . . .        a - +0 mace
rCold   . . .        (no shield)
rNeg    + . .        b - +0 animal skin
rPois   ∞            (no helmet)
rElec   +            (no cloak)
rCorr   .            (no gloves)
SInv    .            (no boots)
Will    .....        (no amulet)
Stlth   +            (no ring)
HPRegen 0.23/turn    (no ring)
MPRegen 0.08/turn

%: no passive effects
@: on berserk cooldown, slowed, very slow
A: sickness immunity, AC +2, negative energy resistance 1, electricity
resistance, torment resistance 1, petrification resistance
a: Renounce Religion, Berserk


You were on level 1 of the Dungeon.
You worshipped Trog.
Trog was aware of your devotion.
You visited 1 branch of the dungeon, and saw 1 of its levels.

Inventory:

Hand Weapons
 a - a +0 mace (weapon)
Armour
 b - a +0 animal skin (worn)
Scrolls
 c - a scroll of teleportation {unknown}
 d - a scroll of vulnerability {unknown}


   Skills:
 + Level 3.7 Fighting
 + Level 3.3 Maces & Flails
 - Level 2.1 Armour
 - Level 1.5 Dodging


You had one spell level left.
You didn't know any spells.
Your spell library was empty.

Dungeon Overview and Level Annotations

Branches:
Dungeon (1/15)

Altars:


Innate Abilities, Weirdness & Mutations

You are immune to sickness and miasma.
Your stone body is resilient. (AC +2)
You are immune to poison.
You resist negative energy. (rN+)
You are resistant to electric shocks. (rElec)
You are resistant to unholy torment.
You are immune to petrification.


Message History

The frilled lizard bites you but does no damage.
The jackal barely misses you. The frilled lizard bites you.
You hit the jackal.
The jackal is moderately wounded.
The jackal bites you but does no damage.
The frilled lizard bites you. The jackal barely misses you.
The frilled lizard bites you.
* * * LOW HITPOINT WARNING * * *
You hit the jackal but do no damage.
The jackal is moderately wounded.
The jackal bites you.
* * * LOW HITPOINT WARNING * * *
The jackal misses you.
The frilled lizard completely misses you.
The jackal bites you but does no damage.
The frilled lizard bites you but does no damage.
You barely miss the jackal.
The jackal is moderately wounded.
The jackal barely misses you. The jackal bites you.
* * * LOW HITPOINT WARNING * * *
The frilled lizard bites you.
* * * LOW HITPOINT WARNING * * *
The jackal barely misses you.
You barely miss the jackal.
The jackal is moderately wounded.
The frilled lizard misses you.
The jackal bites you but does no damage.
The frilled lizard misses you. The jackal closely misses you.
You miss the jackal.
The jackal is moderately wounded.
The jackal bites you but does no damage.
The frilled lizard misses you. The jackal closely misses you.
The frilled lizard closely misses you.
The jackal bites you but does no damage.
You hit the jackal but do no damage.
The jackal is moderately wounded.
The jackal misses you. The frilled lizard misses you. The jackal bites you.
* * * LOW HITPOINT WARNING * * *
The frilled lizard bites you.
You die...

#≈≈≈# ... #.# #.
#.# #. # #.# #.###
##.####.###...###
.#......... ..#.#
.......#h# #.#.#
#l@#####.#.#
#......†...########
#.$....#...........
#.####.#.#.######..
#.# #.#..:.#####.#
#.# #............#
.....###....#######
#.##.......##
#####.#.# #####


You could see a jackal and a frilled lizard.

Vanquished Creatures
  A bat (D:1)
  An endoplasm (D:1)
  A giant cockroach (D:1)
  A goblin (D:1)
  2 jackals (D:1)
  A ball python (D:1)
  A frilled lizard (D:1)
  A kobold (D:1)
  A rat (D:1)
10 creatures vanquished.

Notes
Turn   | Place    | Note
-------+----------+-------------------------------------------
     0 | D:1      | Kel the Gargoyle Berserker began the quest for the Orb.
     0 | D:1      | Reached XP level 1. HP: 14/14 MP: 1/1
   180 | D:1      | Reached XP level 2. HP: 11/19 MP: 2/2
   194 | D:1      | HP: 1/20 [jackal (2)]
   194 | D:1      | Slain by a frilled lizard

Illustrated notes

Levels and vault maps discovered:
D:1:      dpeg_arrival_water_fire, layout_loops_ring

Action                     || total
---------------------------++-------
  Melee: Mace              ||    43
 Invoke: Berserk           ||     1
 Armour: Animal skin       ||    57
  Dodge: Dodged            ||    58
